[Event "*** SCC Grand Prix: Titled Tuesday Blitz"]
[Site "Chess.com"]
[Date "2020.07.07"]
[Round "9"]
[White "Kobalia"]
[Black "ChessWarrior7197"]
[Result "1-0"]
[WhiteElo "2721"]
[BlackElo "2865"]
[TimeControl "180+1"]
[EndTime "11:49:24 PDT"]
[Termination "Kobalia won by resignation"]

1. e4 e5 2. Nf3 Nc6 3. Bb5 a6 4. Ba4 Nf6 5. O-O Nxe4 6. d4 b5 7.
Bb3 d5 8. dxe5 Be6 9. Nbd2 Nc5 10. c3 Be7 11. Bc2 d4 12. Nb3 d3 13. Nxc5 dxc2 14.
Qxd8+ Rxd8 15. Nxe6 fxe6 16. Be3 Rd5 17. Rfc1 Nxe5 18. Nxe5 Rxe5 19. Rxc2 Kf7 20. c4 b4 21. Rd1 Ra5 22. b3 Rd8 23. Rxd8 Bxd8 24. Kf1 Bg5 25. Bd4 Bf6 26. Be3 Bg5 27. Bd4 Bf6 28. Be3 h5 29. Ke2 g5 30. Kf3 Rf5+ 31. Ke2 g4 32. Rd2 Ke7 33. Rd3 a5 34. h3 gxh3 35. gxh3 c5 36. Rd1 Bc3 37. Rg1 Bd4 38. Rg8 Bxe3 39. Kxe3 Re5+ 40.
Kd2 Rf5 41. Ke3 Kd6 42. Rd8+ Kc6 43. Ra8 Re5+ 44. Kd3 Re1 45. Rxa5 Rh1 46. Ra6+ Kd7 47. Ke4 Ke7 48. Rc6 Re1+ 49. Kf3 Re5 50. h4 Rf5+ 51.
Ke3 Re5+ 52. Kf3 Kf6 53. Ra6 Rf5+ 54. Ke3 Re5+ 55. Kf3 Re1 56. Ra5 Re5 57. a3 bxa3 58. Rxa3 Rf5+ 59. Ke3 Re5+ 60. Kf3 Rf5+ 61. Kg3 Ke5 62.
Ra6 Rf6 63. Rb6 Ke4 64. b4 Rg6+ 65. Kh3 cxb4 66. Rxb4 Kf3 67. Rb5 Rg1 68. Kh2 Rg2+ 69. Kh3 Rg1 70. Kh2 Rg4 71. Kh3 Rxc4 72. Rxh5 Re4 73. Rg5 e5 74. h5 Re1 75. Kh2 Rb1 76. Rf5+ Ke4 77. Rf6 Rb7 78. h6 Kd5 79. Kg3 e4 80. Kf4 Rc7 81. Kf5 Rb7 82. Kg6 Ke5 83. Rf7 Rb1 84. h7 Rg1+ 85. Kh6 Rh1+ 86. Kg7 Rg1+ 87.
Kf8 Rh1 88. Kg8 Rg1+ 89. Rg7 Rh1 90. h8=Q Rxh8+ 91. Kxh8 1-0

[Event "*** SCC Grand Prix: Titled Tuesday Blitz"]
[Site "Chess.com"]
[Date "2020.07.07"]
[Round "9"]
[White "seorobert1971"]
[Black "Sanan_Sjugirov"]
[Result "1/2-1/2"]
[WhiteElo "2708"]
[BlackElo "2827"]
[TimeControl "180+1"]
[EndTime "11:49:29 PDT"]
[Termination "Game drawn by repetition"]

1. c4 Nf6 2. Nc3 e5 3. Nf3 Nc6 4. g3 Bb4 5. Bg2 O-O 6. O-O e4 7. Ng5 Bxc3 8. bxc3 d5 9. cxd5 Qxd5 10. d3 Qe5 11. Nxe4 Nxe4 12. Bxe4 Qxc3 13. Rb1 Qa5 14. Qc2 Nd4 15. Qb2 c5 16. Be3 Bg4 17. Bxd4 cxd4 18. Qxd4 Bxe2 19. Rfe1 Bh5 20. Bxb7 Rad8 21. Qe3 Qxa2 22.
d4 Bg6 23. Rbd1 Qb2 24. Bg2 a5 25. d5 a4 26. Ra1 Qb4 27. Rec1 Rc8 28. Rc6 Rce8 29.
Qc3 Qb3 30. h4 h6 31. d6 Rb8 32.
d7 Qb5 33. Rc7 Rfd8 34. Bh3 Bf5 35. Rc5 Qxc5 36. Qxc5 Bxh3 37. Rxa4 Bxd7 38. Rd4 Rdc8 39.
Qa3 Be6 40. Rd1 h5 41. Qe3 g6 42. Re1 Rc6 43. Kg2 Rbc8 44. Kg1 Rc4 45. Qe5 R4c6 46.
Qe3 Bf5 47. Kg2 Re6 48. Qd2 Be4+ 49. Kg1 Rce8 50. Qd4 Bf3 51. Rxe6 Rxe6 52. Kf1 Be2+ 53. Ke1 Bb5+ 54. Kd2 Bc6 55. Kc2 Be4+ 56. Kd1 Bf5 57.
Kd2 Kf8 58. Qd8+ Kg7 59. Qd4+ Kh7 60. Qd8 Re5 61. f4 Re6 62. Qc7 Kg7 63. Qc3+ Kg8 64. Qc8+ Kh7 65. Qc7 Kg8 66. Qc8+ Kg7 67. Qc3+ Kf8 68.
Qc8+ Ke7 69. Qc7+ Ke8 70. Qc8+ Ke7 71. Qc7+ Kf8 72. Qd8+ Kg7 73. Qd4+ Kh7 74. Qa7 Rd6+ 75. Ke3 Rd7 76. Qc5 Rd3+ 77. Kf2 Be4 78. Qe7 Bd5 79. Qd7 Bc4 80. Qe7 Be6 81. Qf6 Rb3 82. Kg2 Bd5+ 83. Kf2 Rf3+ 84. Ke2 Rxg3 85. f5 Rg2+ 86. Ke3 Rg4 87.
fxg6+ Rxg6 88. Qf5 Be6 89. Qxh5+ Kg7 90. Qe5+ Kh7 91.
h5 Rh6 92. Qg5 f6 93. Qh4 Bf7 94. Qe4+ Kg7 95. Qg4+ Kf8 96. Qc8+ Kg7 97. Qg4+ Kf8 98. Qc8+ Kg7 99. Qg4+ 1/2-1/2

[Event "*** SCC Grand Prix: Titled Tuesday Blitz"]
[Site "Chess.com"]
[Date "2020.07.07"]
[Round "9"]
[White "Keithonsky"]
[Black "Andrei_Belozerov"]
[Result "1-0"]
[WhiteElo "2443"]
[BlackElo "2553"]
[TimeControl "180+1"]
[EndTime "11:49:55 PDT"]
[Termination "Keithonsky won by checkmate"]

1. d4 d5 2. c4 c6 3. Nf3 Nf6 4. Qc2 dxc4 5. Qxc4 Bg4 6. Ne5 Be6 7. Qb4 Qb6 8. Bd2 Na6 9. Qxb6 axb6 10. e3 Ne4 11.
Bd3 Nxd2 12. Kxd2 Nb4 13. a3 Nxd3 14. Nxd3 Bf5 15. Nc3 e6 16. e4 Bg6 17. f3 O-O-O 18. Ke3 Be7 19. h4 h5 20. g3 f6 21. Rhc1 Kb8 22.
Na4 Ka7 23. b4 Rd7 24. b5 Rhd8 25. bxc6 Rxd4 26. Nab2 R4d6 27. cxb7 Kxb7 28. Rc3 Be8 29. Nc4 Rc6 30. Rb1 Ka7 31. a4 Rdc8 32. Rbc1 e5 33.
Kd2 g6 34. R1c2 Bf8 35. Rc1 Bh6+ 36. f4 exf4 37. gxf4 Bf7 38. Nd6 Rxd6 39. Rxc8 Bxf4+ 40. Ke2 Bxc1 41. Rc7+ Ka6 42. Rxf7 Ba3 43. Ke3 g5 44. Rh7 gxh4 45. Rxh5 Rc6 46. Rxh4 Rc4 47. Rh6 Be7 48. Rh7 Bd8 49. Rd7 Bc7 50. Rd5 Rxa4 51. Rd7 Kb7 52. Rf7 Ra3 53. Rxf6 b5 54. Ke2 Bb6 55. Kd2 Rb3 56. e5 Ra3 57. e6 Ra2+ 58. Kd1 Ba5 59. Nc5+ Kc7 60. e7 Rd2+ 61. Kc1 Re2 62. Rf7 Kd6 63. Nb7+ Kd7 64. Nxa5 Rxe7 65. Rf5 Re6 66. Rxb5 Rd6 67. Kc2 Ke6 68. Kc3 Rd5 69. Rb6+ Ke5 70. Nc4+ Ke4 71. Re6+ Kf4 72. Re1 Rd8 73. Rf1+ Ke4 74.
Re1+ Kf4 75. Re7 Kf3 76. Ne5+ Kf4 77. Nd3+ Kf3 78. Kd2 Rd6 79. Re3+ Kg4 80. Ke2 Kf5 81.
Re5+ Kg4 82. Ke3 Ra6 83. Re8 Ra3 84. Rf8 Kg5 85. Ke4 Kg6 86. Ne5+ Kg7 87. Rf1 Ra4+ 88. Kd5 Ra5+ 89. Ke6 Kh6 90. Rg1 Kh5 91. Kf5 Kh4 92. Kf4 Kh3 93. Nf3 Ra4+ 94. Ke3 Ra3+ 95. Ke4 Ra4+ 96. Nd4 Kh4 97. Rg8 Kh3 98. Ke5 Kh4 99. Nf5+ Kh3 100. Kf6 Ra6+ 101. Kg5 Ra4 102. Kf6 Ra6+ 103. Ke5 Ra5+ 104. Ke4 Ra4+ 105. Nd4 Ra5 106. Kf3 Kh2 107. Rh8+ Kg1 108. Ne2+ Kf1 109. Rh1# 1-0

[Event "*** SCC Grand Prix: Titled Tuesday Blitz"]
[Site "Chess.com"]
[Date "2020.07.07"]
[Round "9"]
[White "Natalya_Buksa"]
[Black "Harsha_Bharathakoti"]
[Result "0-1"]
[WhiteElo "2556"]
[BlackElo "2784"]
[TimeControl "180+1"]
[EndTime "11:49:56 PDT"]
[Termination "Harsha_Bharathakoti won by checkmate"]

1. d4 d5 2. Nc3 e6 3. Bf4 Nf6 4.
e3 a6 5. Nf3 c5 6. dxc5 Bxc5 7.
Bd3 Nc6 8. O-O O-O 9. e4 Re8 10. Bg5 d4 11. Ne2 h6 12. Bd2 e5 13. h3 Nb4 14. Ng3 Nxd3 15. cxd3 Bf8 16. Rc1 Bd7 17. b3 Bb5 18. Ne1 Rc8 19. a4 Rxc1 20. Qxc1 Bc6 21. f4 exf4 22. Bxf4 Nd7 23. Nf3 Nc5 24.
Qc4 b5 25. Qxd4 Nxd3 26. Qxd8 Rxd8 27. Bc7 Rd7 28. axb5 Bxb5 29. Bb6 Nc5 30. Rb1 Rd3 31. Bxc5 Bxc5+ 32. Kh2 g6 33. Ne2 Rxf3 34. gxf3 Bxe2 35.
Kg3 Kg7 36. Rc1 Bd6+ 37. Kf2 Bb5 38. Ke3 g5 39. Rc2 Kg6 40. Kf2 Be5 41. Rc8 f6 42.
Rg8+ Kh5 43. Rh8 Bd4+ 44. Kg3 Be5+ 45. Kf2 Bd3 46. Ke3 Bf1 47. Kf2 Bb5 48. Kg2 Kg6 49.
Kf2 Kg7 50. Ra8 h5 51. Ke3 Kg6 52. Kf2 Bd4+ 53. Kg2 Kf7 54. Rd8 Be5 55. Rh8 h4 56. Rd8 Ke7 57. Rd2 Ke6 58. Kf2 Bf4 59. Rd1 Ke7 60. Rd5 Bd7 61. Kg2 Bd6 62. Rd1 a5 63. Rd5 Bb4 64. Kf2 Be6 65. Rd3 Bxh3 66. f4 Be6 67. f5 Bd7 68. Kf3 Bc6 69. Rd1 Be8 70. Kg4 Bf7 71. Rd3 Bd6 72. Rc3 Be5 73. Rd3 Bd6 74.
Rc3 Be8 75. Rd3 Bc6 76. Kf3 Be5 77. Rd1 Bd6 78. Rd2 Kd7 79. Ra2 Bb4 80. Ra1 Kd6 81. Rd1+ Ke5 82. Kg4 Bxe4 83. Rd8 Bxf5+ 84. Kf3 h3 85.
Re8+ Kd6 86. Kg3 Be6 87. Rb8 Ke5 88. Rb5+ Ke4 89. Rb6 Bxb3 90. Rxf6 a4 91. Rg6 Kf5 92. Rb6 Be1+ 93. Kxh3 g4+ 94. Kg2 Bc3 95. Rb5+ Kf4 96. Rb8 Be5 97. Rb4+ Kf5 98. Rb5 Ke4 99. Kf2 g3+ 100. Kg2 Kd4 101. Rb4+ Kc3 102. Rb5 Bf4 103. Rf5 Bd6 104. Rf6 Be5 105. Rf5 Kd4 106. Rf8 a3 107. Ra8 Bd5+ 108. Kg1 Bxa8 109. Kf1 Bf3 110. Kg1 a2 111. Kf1 a1=Q# 0-1

[Event "*** SCC Grand Prix: Titled Tuesday Blitz"]
[Site "Chess.com"]
[Date "2020.07.07"]
[Round "9"]
[White "DenLaz"]
[Black "Isajevsky_Anton"]
[Result "1/2-1/2"]
[WhiteElo "2697"]
[BlackElo "2560"]
[TimeControl "180+1"]
[EndTime "11:50:35 PDT"]
[Termination "Game drawn by 50-move rule"]

1. d4 d5 2. c4 e6 3. Nf3 Nf6 4. Nc3 a6 5. cxd5 exd5 6. Bg5 Be6 7. e3 Nbd7 8. Bd3 Bd6 9. O-O c6 10. Qc2 Qc7 11. Rab1 O-O 12. Ne2 a5 13. Bf4 Rfe8 14. Bxd6 Qxd6 15. Nf4 g6 16. Ng5 Nf8 17. f3 Bd7 18.
Rbe1 Rxe3 19. Ngh3 Rxe1 20. Rxe1 Qb4 21. Qc3 Qxc3 22. bxc3 Re8 23. Rb1 b5 24. Kf2 h6 25.
g4 Kg7 26. Ng1 Ne6 27. Nfe2 Nc7 28. Nh3 Re7 29. Nhf4 Nfe8 30. h4 Nd6 31. Ng2 Nc4 32. Ng3 Nd6 33. h5 g5 34. Ne3 Kf6 35. Rf1 Nce8 36.
Ng2 Ng7 37. Rd1 Ne6 38. Be2 Nf4 39. Nxf4 gxf4 40. Nf1 Kg5 41. Nd2 f5 42. gxf5 Nxf5 43. Nb3 Ng3 44. Bd3 Kxh5 45. Nc5 Be8 46. a4 bxa4 47.
Nxa4 Rb7 48. Nc5 Rb2+ 49. Ke1 Kg5 50. Ra1 Bg6 51. Bxg6 Kxg6 52. Rxa5 Re2+ 53. Kd1 Rf2 54. Ra6 h5 55. Rxc6+ Kg5 56. Ne6+ Kf5 57. Ng7+ Kg5 58. Ne6+ Kh4 59. Nxf4 Rxf3 60. Ng6+ Kg5 61. Ne5 Rf1+ 62. Kd2 h4 63. Rc8 h3 64. Rg8+ Kf4 65. Rg4+ Kf5 66.
Rxg3 h2 67. Rh3 h1=Q 68. Rxh1 Rxh1 69. Kd3 Rh3+ 70. Kc2 Ke4 71. Kb3 Rh1 72. Kb4 Rb1+ 73.
Kc5 Rb3 74. c4 dxc4 75. Nxc4 Rd3 76. Nd6+ Kf4 77. d5 Rd1 78. Nc4 Kf5 79. Kc6 Rc1 80. Kc5 Kf6 81. Kb5 Ke7 82. Nb6 Kd6 83. Nc4+ Kxd5 84. Na5 Rb1+ 85. Ka6 Kc5 86. Nb7+ Kc6 87.
Na5+ Kc7 88. Nc4 Rb4 89. Na5 Rb2 90. Nc4 Rb3 91. Na5 Rb4 92. Ka7 Ra4 93. Ka6 Rd4 94. Kb5 Rd5+ 95. Ka4 Rd4+ 96. Kb5 Rh4 97. Nc4 Rh5+ 98.
Kb4 Kc6 99. Na5+ Kd5 100. Nb3 Rh4+ 101. Kb5 Ke4 102. Nc5+ Kd4 103. Ne6+ Kd5 104. Nc7+ Kd6 105. Na6 Rh5+ 106. Kb6 Rh1 107. Kb5 Rb1+ 108. Kc4 Rb6 109. Nb4 Rb8 110. Nd3 Rh8 111. Kd4 Rh4+ 112. Ke3 Rh3+ 113. Ke4 Rh5 114. Nf4 Ra5 115. Kd4 Ra4+ 116. Ke3 Ke5 117. Nd3+ Kf5 118. Nc5 Rc4 119. Nd3 Rc3 120. Kd4 Rc8 121. Ke3 Ke6 122. Ke4 Rh8 123. Nf4+ Kf6 124. Nd5+ Kg5 125. Ne3 Rh4+ 126. Ke5 Rh1 127. Nd5 Re1+ 128. Kd4 Kf5 129. Ne3+ Ke6 130. Ke4 Ra1 131. Kf4 Ra4+ 132. Kf3 Ke5 133. Ng4+ Kd4 1/2-1/2

[Event "*** SCC Grand Prix: Titled Tuesday Blitz"]
[Site "Chess.com"]
[Date "2020.07.07"]
[Round "10"]
[White "superchess02"]
[Black "Azatic"]
[Result "1/2-1/2"]
[WhiteElo "2664"]
[BlackElo "2529"]
[TimeControl "180+1"]
[EndTime "11:51:46 PDT"]
[Termination "Game drawn by agreement"]

1. e4 c5 2. Nf3 e6 3. d4 cxd4 4. Nxd4 a6 5. Nc3 Qc7 6. Be3 Nf6 7. Be2 Bb4 8. O-O Bxc3 9. bxc3 Nxe4 10. Qd3 Nc5 1/2-1/2

[Event "*** SCC Grand Prix: Titled Tuesday Blitz"]
[Site "Chess.com"]
[Date "2020.07.07"]
[Round "10"]
[White "Alexandercs432"]
[Black "pfalcon1949"]
[Result "0-1"]
[WhiteElo "2108"]
[BlackElo "1957"]
[TimeControl "180+1"]
[EndTime "11:52:11 PDT"]
[Termination "pfalcon1949 won by resignation"]

1. e4 e6 2. d4 d5 3. Nd2 c5 4. exd5 exd5 5. Ngf3 a6 6. dxc5 Bxc5 7. Bd3 Nf6 8. O-O O-O 9. h3 h6 10. c3 Nc6 11. Nb3 Bd6 12. Re1 Be6 13. Be3 Bc7 14.
Nbd4 Re8 15. Bc2 Nxd4 16. Bxd4 Qd6 17. Qd3 Rad8 18. Qh7+ Nxh7 0-1

[Event "*** SCC Grand Prix: Titled Tuesday Blitz"]
[Site "Chess.com"]
[Date "2020.07.07"]
[Round "10"]
[White "dodorox"]
[Black "vitnik2020"]
[Result "1/2-1/2"]
[WhiteElo "2104"]
[BlackElo "2273"]
[TimeControl "180+1"]
[EndTime "11:53:03 PDT"]
[Termination "Game drawn by agreement"]

1. d4 d5 2. c4 e6 3. Nc3 Be7 4. Nf3 Nf6 5. Bg5 h6 6. Bh4 dxc4 7. e3 c5 8. Bxc4 cxd4 9. exd4 Nc6 10. O-O O-O 11. Qd2 Nh5 12. Bxe7 Nxe7 13. d5 exd5 14. Nxd5 Nxd5 15. Qxd5 Qxd5 16. Bxd5 Nf6 1/2-1/2

[Event "*** SCC Grand Prix: Titled Tuesday Blitz"]
[Site "Chess.com"]
[Date "2020.07.07"]
[Round "10"]
[White "deribas12345"]
[Black "colegiodemadrid"]
[Result "0-1"]
[WhiteElo "2566"]
[BlackElo "2433"]
[TimeControl "180+1"]
[EndTime "11:53:08 PDT"]
[Termination "colegiodemadrid won by resignation"]

1. d4 Nf6 2. c4 g6 3. Nc3 Bg7 4. e4 d6 5. Nge2 O-O 6. Ng3 h5 7. Be2 h4 8. Nf1 e5 9. d5 c5 10.
Bg5 h3 11. g4 Qb6 12. Qd2 Nh7 13. Be3 Qd8 14. O-O-O a6 15. Ng3 Qh4 16. Rhg1 Bd7 17. Nf5 gxf5 18. gxf5 Kh8 19. Rg4 Qf6 20. Rdg1 Rg8 21.
Bh6 Qxh6 22. Qxh6 Bxh6+ 23. Kc2 0-1

[Event "*** SCC Grand Prix: Titled Tuesday Blitz"]
[Site "Chess.com"]
[Date "2020.07.07"]
[Round "10"]
[White "blitzking1729"]
[Black "KingCrusher275"]
[Result "1-0"]
[WhiteElo "2553"]
[BlackElo "2429"]
[TimeControl "180+1"]
[EndTime "11:53:17 PDT"]
[Termination "blitzking1729 won by resignation"]

1. Nf3 d5 2. c4 e6 3. d4 Nf6 4. Nc3 Be7 5. Bg5 Nbd7 6. e3 h6 7. Bh4 O-O 8. Qc2 c5 9. cxd5 Nxd5 10. Bxe7 Nxe7 11. dxc5 Nxc5 12. Be2 b6 13. O-O Bb7 14.
Rfd1 Qc8 15. Rac1 Rd8 16. b4 Na6 17. Rxd8+ Qxd8 18. Qa4 Rc8 19. Bxa6 Bxa6 20. Qxa6 1-0

[Event "*** SCC Grand Prix: Titled Tuesday Blitz"]
[Site "Chess.com"]
[Date "2020.07.07"]
[Round "10"]
[White "Unknown_IM"]
[Black "RestartingChess"]
[Result "1-0"]
[WhiteElo "2381"]
[BlackElo "2482"]
[TimeControl "180+1"]
[EndTime "11:53:22 PDT"]
[Termination "Unknown_IM won by resignation"]

1. e4 d5 2. exd5 Qxd5 3. Nf3 Nf6 4. d4 Nc6 5. c4 Qd8 6. d5 Nb8 7. Nc3 Bg4 8. Be2 e6 9. h3 Bf5 10. O-O Be7 11. Nd4 Qd7 12. Qb3 c5 13. Nxf5 exf5 14. Bf3 O-O 15. Bf4 Na6 16. d6 Qc6 17. Bxc6 1-0

[Event "*** SCC Grand Prix: Titled Tuesday Blitz"]
[Site "Chess.com"]
[Date "2020.07.07"]
[Round "10"]
[White "kushagramohan"]
[Black "Lenyas66"]
[Result "1-0"]
[WhiteElo "2690"]
[BlackElo "2483"]
[TimeControl "180+1"]
[EndTime "11:53:30 PDT"]
[Termination "kushagramohan won by resignation"]

1. e4 e6 2. d4 d5 3. Nd2 Nf6 4. e5 Nfd7 5. Bd3 c5 6. c3 Nc6 7. Ne2 cxd4 8. cxd4 f6 9. exf6 Nxf6 10. Nf3 Bd6 11. O-O Qc7 12. h3 O-O 13. Be3 Bd7 14. Re1 Rae8 15. Rc1 a6 16. Nc3 b5 17. a4 b4 18. Ne2 Qa5 19. b3 Ne4 20. Bxe4 dxe4 21. Ng5 Qf5 22. Qc2 e5 23. Nxe4 exd4 24. Nxd4 Rxe4 25. Nxf5 1-0

[Event "*** SCC Grand Prix: Titled Tuesday Blitz"]
[Site "Chess.com"]
[Date "2020.07.07"]
[Round "10"]
[White "TimKett"]
[Black "esrosenberg"]
[Result "0-1"]
[WhiteElo "2140"]
[BlackElo "2284"]
[TimeControl "180+1"]
[EndTime "11:53:34 PDT"]
[Termination "esrosenberg won by resignation"]

1. e4 e5 2. f4 exf4 3. Nf3 Nf6 4.
e5 Nh5 5. Bc4 d5 6. exd6 Qxd6 7.
d4 Qb4+ 8. Nbd2 Bd6 9. Bxf7+ Kxf7 10. Ne5+ Bxe5 11. Qxh5+ g6 0-1

[Event "*** SCC Grand Prix: Titled Tuesday Blitz"]
[Site "Chess.com"]
[Date "2020.07.07"]
[Round "10"]
[White "ZiggyStardust64"]
[Black "Thee-Chessboy"]
[Result "1-0"]
[WhiteElo "2679"]
[BlackElo "2540"]
[TimeControl "180+1"]
[EndTime "11:53:36 PDT"]
[Termination "ZiggyStardust64 won by resignation"]

1. Nf3 Nf6 2. c4 g6 3. g3 Bg7 4. Bg2 O-O 5. O-O c6 6. d4 d5 7. Nbd2 dxc4 8. Nxc4 Be6 9. b3 Bd5 10. Bb2 Nbd7 11. Rc1 a5 12. Nfe5 Bxg2 13. Kxg2 a4 14. bxa4 Nxe5 15. dxe5 Nd5 16. e4 Nb4 17. Qb3 Nd3 18.
Rcd1 Nc5 19. Rxd8 1-0

[Event "*** SCC Grand Prix: Titled Tuesday Blitz"]
[Site "Chess.com"]
[Date "2020.07.07"]
[Round "10"]
[White "grunbergmihai"]
[Black "tk22h"]
[Result "1-0"]
[WhiteElo "2449"]
[BlackElo "2297"]
[TimeControl "180+1"]
[EndTime "11:53:47 PDT"]
[Termination "grunbergmihai won by resignation"]

1. Nf3 Nf6 2. c4 c5 3. d4 cxd4 4. Nxd4 Nc6 5. Nc3 e6 6. g3 Bc5 7.
Nb3 Bb4 8. Bg2 d5 9. cxd5 Nxd5 10. Bd2 Nxc3 11. bxc3 Be7 12. O-O O-O 13. Qc2 Qc7 14. Rfd1 Bd7 15. Bf4 e5 16. Be3 Rfd8 17. Nc5 Be8 18. Rab1 b6 19. Na6 Rxd1+ 20. Rxd1 Qc8 21. Qd3 g6 22. Nb4 Nxb4 23. cxb4 Bc6 24. Rc1 1-0

[Event "*** SCC Grand Prix: Titled Tuesday Blitz"]
[Site "Chess.com"]
[Date "2020.07.07"]
[Round "10"]
[White "Carnivoras"]
[Black "Keithonsky"]
[Result "0-1"]
[WhiteElo "2593"]
[BlackElo "2454"]
[TimeControl "180+1"]
[EndTime "11:53:48 PDT"]
[Termination "Keithonsky won by resignation"]

1. d4 Nf6 2. Nf3 d5 3. c4 e6 4. Nc3 Be7 5. Bg5 O-O 6. e3 Nbd7 7. Be2 dxc4 8. Bxc4 c5 9. O-O cxd4 10. Nxd4 a6 11. Rc1 Ne5 12. Be2 Ng6 13. Bf3 Qa5 14. Bxf6 Bxf6 15.
Qb3 e5 16. Nde2 Be6 17. Nd5 b5 18. Nxf6+ gxf6 19. Qc3 b4 20. Qc5 Qxc5 21. Rxc5 Rac8 22. Ra5 Bc4 23. Re1 Bb5 24. Ng3 Rc2 25. Rb1 Rd8 26. Be4 Rxb2 27. Re1 Rdd2 0-1

[Event "*** SCC Grand Prix: Titled Tuesday Blitz"]
[Site "Chess.com"]
[Date "2020.07.07"]
[Round "10"]
[White "Matibar"]
[Black "enzovsky"]
[Result "1-0"]
[WhiteElo "2764"]
[BlackElo "2501"]
[TimeControl "180+1"]
[EndTime "11:53:50 PDT"]
[Termination "Matibar won by checkmate"]

1. e4 c5 2. Nf3 d6 3. c3 Nf6 4. Bd3 Nc6 5. Bc2 e5 6. h3 Be7 7.
O-O O-O 8. a3 h6 9. Re1 Be6 10. d4 exd4 11. cxd4 cxd4 12. Nxd4 Nxd4 13. Qxd4 Rc8 14. Nc3 a6 15. Be3 Nd7 16. Rad1 Ne5 17. f4 Nc4 18. Bc1 d5 19. Kh1 Bc5 20. Qd3 dxe4 21.
Qxe4 Qh4 22. Qh7# 1-0

[Event "*** SCC Grand Prix: Titled Tuesday Blitz"]
[Site "Chess.com"]
[Date "2020.07.07"]
[Round "10"]
[White "volcanoexplorer"]
[Black "random_mango"]
[Result "1-0"]
[WhiteElo "2594"]
[BlackElo "2411"]
[TimeControl "180+1"]
[EndTime "11:54:12 PDT"]
[Termination "volcanoexplorer won by resignation"]

1. e4 e5 2. Nf3 Nc6 3. Bc4 Nf6 4. d3 Be7 5. O-O O-O 6. Re1 d6 7. c3 Na5 8. Bb5 a6 9. Ba4 b5 10. Bc2 c5 11. Nbd2 Nc6 12. Nf1 Re8 13. h3 Bf8 14. d4 h6 15. Ng3 g6 16. Be3 exd4 17. cxd4 cxd4 18. Nxd4 Nxd4 19. Qxd4 Bg7 20. Qd2 Bb7 21. Bxh6 Rc8 22. Bxg7 Kxg7 23. Rad1 Re5 24. Bb3 d5 25.
exd5 Rxe1+ 26. Qxe1 Nxd5 27. Bxd5 Bxd5 28. Qe5+ Qf6 29.
Qxf6+ Kxf6 30. Rxd5 1-0

[Event "*** SCC Grand Prix: Titled Tuesday Blitz"]
[Site "Chess.com"]
[Date "2020.07.07"]
[Round "10"]
[White "Nikithebest"]
[Black "mjray79"]
[Result "1-0"]
[WhiteElo "2476"]
[BlackElo "2328"]
[TimeControl "180+1"]
[EndTime "11:54:19 PDT"]
[Termination "Nikithebest won by resignation"]

1. e4 e5 2. Nf3 Nc6 3. Nc3 Nf6 4. d4 exd4 5. Nxd4 Bb4 6. Nxc6 bxc6 7. Bd3 d5 8. exd5 cxd5 9. O-O O-O 10. h3 c6 11. Qf3 Be7 12. Bf4 Be6 13. Rfe1 c5 14. Rad1 h6 15. Nb5 Rc8 16. Nxa7 Ra8 17. Nc6 Qd7 18. Nxe7+ Qxe7 19. a3 d4 20. Qg3 Nh5 21.
Bd6 Qd7 22. Qe5 Rfc8 23. Bxc5 Nf6 24. Bxd4 Qb7 25. Bc3 Re8 26. Be4 1-0

[Event "*** SCC Grand Prix: Titled Tuesday Blitz"]
[Site "Chess.com"]
[Date "2020.07.07"]
[Round "10"]
[White "Kavyev_Ruslan"]
[Black "SharapovEvgeny"]
[Result "1-0"]
[WhiteElo "2554"]
[BlackElo "2432"]
[TimeControl "180+1"]
[EndTime "11:54:21 PDT"]
[Termination "Kavyev_Ruslan won by resignation"]

1. d4 d5 2. c4 c6 3. Nf3 Nf6 4. g3 g6 5. Bg2 Bg7 6. O-O O-O 7. Qb3 Qb6 8. Nc3 Qxb3 9. axb3 e6 10. Bf4 Nbd7 11. Bd6 Re8 12. c5 Ne4 13. e3 Nxd6 14.
cxd6 b6 15. b4 Bb7 16. Rfc1 f6 17. e4 a6 18. Re1 b5 19. e5 fxe5 20. dxe5 c5 21.
bxc5 Nxc5 22. Rad1 Ne4 23. Nxe4 dxe4 24. Ng5 Bxe5 25. d7 Red8 26. Nxe6 Bxb2 27. Bxe4 Bc3 28. Bxb7 1-0

[Event "*** SCC Grand Prix: Titled Tuesday Blitz"]
[Site "Chess.com"]
[Date "2020.07.07"]
[Round "10"]
[White "Chessdude1987"]
[Black "IsaacWiebe"]
[Result "1-0"]
[WhiteElo "2227"]
[BlackElo "2096"]
[TimeControl "180+1"]
[EndTime "11:54:22 PDT"]
[Termination "Chessdude1987 won by resignation"]

1. e4 e6 2. d4 d5 3. exd5 exd5 4. c4 Bb4+ 5. Nc3 Nf6 6. Nf3 O-O 7. Bd3 Re8+ 8. Be3 dxc4 9. Bxc4 Nbd7 10. O-O Bxc3 11.
bxc3 Nb6 12. Bb3 Bg4 13. h3 Bh5 14. g4 Bg6 15. Ne5 c6 16. f4 Be4 17. Nxf7 Qc7 18.
Nd6+ Kh8 19. Nxe8 Rxe8 20. Qd2 Nbd5 21. Rae1 Nxe3 22. Rxe3 Nd5 23. Ree1 g5 24. Bc2 1-0

[Event "*** SCC Grand Prix: Titled Tuesday Blitz"]
[Site "Chess.com"]
[Date "2020.07.07"]
[Round "10"]
[White "davigator"]
[Black "PetrolulSah"]
[Result "0-1"]
[WhiteElo "2290"]
[BlackElo "2185"]
[TimeControl "180+1"]
[EndTime "11:54:24 PDT"]
[Termination "PetrolulSah won by checkmate"]

1. e4 e5 2. Nf3 Nf6 3. Nxe5 d6 4. Nf3 Nxe4 5. Nc3 Nf6 6. d4 d5 7. Bd3 Be7 8. h3 Nc6 9. O-O O-O 10. a3 Be6 11.
Re1 a6 12. Ne2 Ne4 13. Nf4 Bf5 14. g4 Bg6 15. Nxg6 fxg6 16. Bxe4 dxe4 17. Rxe4 Qd5 18. Qd3 Bd6 19. Be3 Rxf3 20. c4 Qf7 21.
c5 Bf4 22. d5 Bxe3 23. fxe3 Rg3+ 24. Kh1 Qf3+ 25. Kh2 Qg2# 0-1

[Event "*** SCC Grand Prix: Titled Tuesday Blitz"]
[Site "Chess.com"]
[Date "2020.07.07"]
[Round "10"]
[White "GigaQuparadze"]
[Black "JozefKneht"]
[Result "1-0"]
[WhiteElo "2888"]
[BlackElo "2510"]
[TimeControl "180+1"]
[EndTime "11:54:35 PDT"]
[Termination "GigaQuparadze won by resignation"]

1. e4 e5 2. Nf3 Nc6 3. Bb5 a6 4. Ba4 Nf6 5. Bxc6 dxc6 6. d3 Bd6 7.
Nbd2 c5 8. Nc4 Nd7 9. b3 O-O 10.
Bb2 Re8 11. O-O f6 12. a4 a5 13. Nh4 Nf8 14. Nxd6 Qxd6 15. Nf5 Bxf5 16. exf5 Rad8 17. Qf3 Qd5 18. Qxd5+ Rxd5 19. Rae1 Kf7 20. Re4 Re7 21. Rfe1 Red7 22. h4 g6 23. fxg6+ hxg6 24. f4 exf4 25. Rxf4 f5 26. g4 Ne6 27. Rf2 Nd4 28. Kg2 Kg7 29.
c3 Nxb3 30. c4+ Rd4 31. gxf5 gxf5 32. Rxf5 Kg6 33. Rg5+ Kf6 1-0

[Event "*** SCC Grand Prix: Titled Tuesday Blitz"]
[Site "Chess.com"]
[Date "2020.07.07"]
[Round "10"]
[White "frederiksvane"]
[Black "GrafLermontov"]
[Result "1-0"]
[WhiteElo "2657"]
[BlackElo "2476"]
[TimeControl "180+1"]
[EndTime "11:54:41 PDT"]
[Termination "frederiksvane won by resignation"]

1. e4 c5 2. Nf3 e6 3. d4 cxd4 4.
Nxd4 Nc6 5. Nc3 Qc7 6. g3 a6 7. Bg2 Nf6 8. O-O Be7 9. Re1 d6 10. Nxc6 bxc6 11. e5 dxe5 12. Rxe5 O-O 13. Bf4 Bd6 14.
Rxe6 Bxf4 15. Rxc6 Qe5 16. gxf4 Qxf4 17. Rxf6 gxf6 18.
Bxa8 Bg4 19. Nd5 Qg5 20. Nxf6+ Qxf6 21. Qxg4+ Kh8 22. Bg2 Rg8 23. Qe4 Qxb2 24. Re1 h6 25. Qe5+ 1-0

[Event "*** SCC Grand Prix: Titled Tuesday Blitz"]
[Site "Chess.com"]
[Date "2020.07.07"]
[Round "10"]
[White "vinniethepooh"]
[Black "Stormeman100100"]
[Result "1-0"]
[WhiteElo "2557"]
[BlackElo "2433"]
[TimeControl "180+1"]
[EndTime "11:54:50 PDT"]
[Termination "vinniethepooh won by resignation"]

1. d4 Nf6 2. c4 g6 3. Nc3 d5 4.
cxd5 Nxd5 5. Bd2 Bg7 6. e4 Nb6 7. Be3 O-O 8. Bb5 a6 9. Be2 Nc6 10. d5 Ne5 11. Bd4 e6 12. f4 Ned7 13. Bxg7 Kxg7 14.
Qd4+ Qf6 15. e5 Qe7 16. dxe6 fxe6 17. Nf3 c5 18. Qd2 c4 19. h4 Nc5 20. h5 Qd7 21. Qe3 Nd3+ 22. Bxd3 Qxd3 23. Qxb6 Rxf4 24. Rd1 Qf5 25. h6+ 1-0

[Event "*** SCC Grand Prix: Titled Tuesday Blitz"]
[Site "Chess.com"]
[Date "2020.07.07"]
[Round "10"]
[White "JoliyRoger"]
[Black "Sofiia_Hryzlova"]
[Result "1-0"]
[WhiteElo "2256"]
[BlackElo "2124"]
[TimeControl "180+1"]
[EndTime "11:54:55 PDT"]
[Termination "JoliyRoger won by resignation"]

1. Nf3 d5 2. c4 e6 3. cxd5 exd5 4. d4 Nf6 5. Nc3 c6 6. Bg5 Bd6 7. e3 O-O 8. Qc2 Nbd7 9. Bd3 a5 10. Bxh7+ Kh8 11.
Bd3 b5 12. Ne2 Ra6 13. O-O Qc7 14. a4 Ra7 15. axb5 Ng4 16. Bf4 Bb7 17. h3 Ngf6 18. Rfc1 c5 19. dxc5 Bxf4 20. b6 Nxb6 21. cxb6 1-0